 Dungeon Crawl Stone Soup version 0.19-a0-743-ge0d55e4 (webtiles) character file.

213 FrankyJ the Ogre Mage (level 5, -4/53 HPs)
             Began as an Ogre Wizard on June 22, 2016.
             Was a Follower of Qazlal.
             Slain by Grinder (7 damage)
             ... on level 4 of the Dungeon on June 23, 2016.
             The game lasted 00:24:58 (5306 turns).

FrankyJ the Ogre Mage (Ogre Wizard)                 Turns: 5306, Time: 00:24:58

Health: -4/53      AC:  4    Str: 18    XL:     5   Next: 90%
Magic:  2/10       EV: 10    Int: 17    God:    Qazlal [*.....]
Gold:   136        SH:  2    Dex:  8    Spells: 2 memorised, 8 levels left

rFire  . . .     SeeInvis .     t - +1 whip (vamp)
rCold  + . .     Gourm    .     a - +0 robe
rNeg   . . .     Faith    .     (no shield)
rPois  .         Spirit   .     b - +0 hat
rElec  .         Dismiss  .     w - +0 cloak
rCorr  .         Reflect  .     (gloves unavailable)
SustAt .         Harm     .     (boots unavailable)
MR     .....                    (no amulet)
Stlth  +.........               (no ring)
                                m - ring of protection from cold

@: mighty, drained, not resistant to hostile enchantments, very unstealthy
A: unfitting armour, tough skin 1
a: Renounce Religion


You were on level 4 of the Dungeon.
You worshipped Qazlal.
Qazlal was aware of your devotion.
You were very hungry.

You visited 1 branch of the dungeon, and saw 5 of its levels.

You collected 136 gold pieces.

Inventory:

Hand Weapons
 k - a +1 dagger of venom
 p - a +0 club
 t - a +1 vampiric whip (weapon)
 v - a +3 quarterstaff of chaos
Missiles
 s - 10 poisoned needles
Armour
 a - a +0 robe (worn)
 b - a +0 hat (worn)
 w - a +0 cloak (worn)
Jewellery
 m - a ring of protection from cold (left hand)
 q - an uncursed amulet of harm
Scrolls
 g - a scroll of enchant weapon {unknown}
 h - 5 scrolls of teleportation {unknown}
 n - a scroll of random uselessness {unknown}
 u - a scroll of fog
 y - a scroll of remove curse {unknown}
Potions
 f - a potion of haste {unknown}
 i - a potion of invisibility {unknown}
 j - a potion of ambrosia {unknown}
 x - a potion of curing {unknown}
Books
 c - a book of Minor Magic

   Spells                             Type                      Level
   a - Magic Dart                     Conjuration                  1
   b - Blink                          Translocation                2
   c - Call Imp                       Summoning                    2
   d - Repel Missiles                 Charms/Air                   2
   e - Slow                           Hexes                        2
   f - Conjure Flame                  Conjuration/Fire             3
   g - Mephitic Cloud                 Conjuration/Poison/Air       3
Comestibles
 d - 3 bread rations
 o - 2 meat rations
 r - a slice of pizza


   Skills:
 - Level 3.0(2.2) Fighting
 * Level 2.0(1.2) Maces & Flails
 + Level 3.1(2.4) Dodging
 - Level 1.5(0.8) Stealth
 - Level 3.6(2.8) Spellcasting
 + Level 1.5(0.8) Conjurations
 * Level 2.1(1.4) Summonings
   Level 0.6(0.0) Translocations


You had 8 spell levels left.
You knew the following spells:

 Your Spells              Type           Power        Failure   Level  Hunger
a - Magic Dart            Conj           #...         14%         1    #......
b - Call Imp              Summ           #.......     17%         2    ##.....


Dungeon Overview and Level Annotations

Branches:
Dungeon (5/15)
 Temple: D:4-7

Altars:
Dithmenos
Qazlal
The Shining One

Annotations:
D:4 Grinder


Innate Abilities, Weirdness & Mutations

You are too large for most types of armour.
You have tough skin. (AC +1)


Message History

Your shadow imp hits Grinder.
Your crimson imp closely misses Grinder.
You hit Grinder.
Grinder is moderately wounded.
The orc hits your crimson imp.
Your crimson imp hits Grinder.
Grinder hits you.
* * * LOW HITPOINT WARNING * * *
You writhe in agony.
* * * LOW HITPOINT WARNING * * *
Your shadow imp hits Grinder.
Your crimson imp hits Grinder.
It was a potion of might.
You feel very mighty all of a sudden. The orc hits your crimson imp.
Your crimson imp hits Grinder.
Your shadow imp hits Grinder.
Grinder hits you but does no damage.
Your crimson imp closely misses Grinder.
You whack Grinder!
Grinder is severely wounded.
The orc hits your crimson imp.
Your crimson imp completely misses Grinder.
Grinder hits you!
You die...

#.....(..##
.........
####.####.
....#... #.# ..
..# #..!. #.#
.###..# #.##O
#.# ..... ... #.
#####.###..###..
## ##
#...>..........#
#..........#####
#.....@...##
#.....555.#
#.....o5..#
#.........#
#.........#
#.........#
###.....###
#......


You could see Grinder, an orc, 2 friendly crimson imps and a friendly shadow
imp.

Vanquished Creatures
  An orc wizard (D:3)
  Robin (D:1)
  2 gnolls (D:1)
  3 adders
  An ooze (D:4)
  A giant gecko (D:4)
  2 orcs
  5 bats
  2 giant cockroaches
  14 goblins
  9 hobgoblins
  10 jackals
  8 kobolds
  A quokka (D:2)
  7 giant newts
  7 rats
74 creatures vanquished.

Vanquished Creatures (collateral kills)
  Crazy Yiuf (D:3)
  An orc wizard (D:3)
  2 gnolls (D:1)
  3 adders (D:2)
  2 worms (D:2)
  2 orcs (D:3)
  A hobgoblin (D:3)
  2 jackals (D:3)
  A quokka (D:4)
  2 kobolds (D:3)
  A rat (D:3)
18 creatures vanquished.

Grand Total: 92 creatures vanquished

Notes
Turn   | Place    | Note
--------------------------------------------------------------
     0 | D:1      | FrankyJ the Ogre Wizard began the quest for the Orb.
     0 | D:1      | Reached XP level 1. HP: 16/16 MP: 5/5
   127 | D:1      | Reached skill level 1 in Fighting
   259 | D:1      | Reached XP level 2. HP: 28/28 MP: 4/6
   290 | D:1      | Learned a level 2 spell: Call Imp
   727 | D:2      | Noticed Robin
   963 | D:1      | Reached XP level 3. HP: 31/36 MP: 4/8
   967 | D:1      | Killed Robin
   967 | D:1      | Reached skill level 1 in Conjurations
  1091 | D:2      | Reached skill level 1 in Summonings
  1392 | D:1      | Reached skill level 1 in Maces & Flails
  1392 | D:1      | Reached XP level 4. HP: 30/44 MP: 0/9
  2701 | D:2      | Found a glowing golden altar of the Shining One.
  3196 | D:2      | Reached XP level 5. HP: 53/53 MP: 5/10
  4428 | D:3      | Found a faded altar of an unknown god.
  4431 | D:3      | Upgraded the game from 0.19-a0-736-g3ff4acb to 0.19-a0-743-ge0d55e4
  4447 | D:3      | Became a worshipper of Qazlal Stormbringer
  4447 | D:3      | Reached * piety under Qazlal
  4541 | D:3      | Noticed Crazy Yiuf
  4557 | D:3      | Killed Crazy Yiuf
  4769 | D:4      | Noticed an ogre
  5000 | D:4      | Found a shadowy altar of Dithmenos.
  5070 | D:4      | Noticed Grinder
  5271 | D:5      | Entered Level 5 of the Dungeon
  5304 | D:4      | HP: 2/53 [Grinder (4)]
  5306 | D:4      | Slain by Grinder

Vault maps used:
D:1:      lightli_arrival_farm
D:2:      lemuel_doored_altar, uniq_robin
D:3:      ecumenical_altar_2, uniq_crazy_yiuf_cottage
D:4:      nicolae_dithmenos_through_a_glass_darkly, first_bread, uniq_grinder
D:5:      serial_glass, glass_columns_a, glass_columns_c, due_unseen_surprise,
          minmay_strange_pillars, feat_on_display, item_on_display_a

Skill      XL: |  1  2  3  4  5 |
---------------+----------------+-----
Fighting       | 2 3 |  3.0
Dodging        | 2 3 |  3.1
Conjurations   | 1 |  1.5
Summonings     | 1 2 |  2.1
Maces & Flails | 1 2 |  2.0
Stealth        | |  1.5
Spellcasting   | |  3.6
Translocations | |  0.6

Action                   |  1- 3 |  4- 6 || total
-------------------------+-------+-------++-------
Melee: Dagger            |    48 |       ||    48
       Club              |    10 |    74 ||    84
       Whip              |       |    22 ||    22
 Cast: Magic Dart        |    50 |    75 ||   125
       Call Imp          |     1 |    40 ||    41
  Use: Scroll            |       |     5 ||     5
       Potion            |       |     1 ||     1
  Eat: Chunk             |     1 |    14 ||    15
       Bread ration      |       |     1 ||     1
Armor: Robe              |    23 |    38 ||    61
Dodge: Dodged            |    48 |    75 ||   123
Block: Other             |       |     1 ||     1
